 Dungeon Crawl Stone Soup version 0.25.1-2-g60ff931df9 (webtiles) character file.

Game seed: 7376051830296119461

6237 funkygono the Destroyer (level 10, 0/78 HPs)
             Began as a White Draconian Conjurer on Sept 21, 2020.
             Was a Follower of Sif Muna.
             Slain by a vampire (11 damage)
             ... on level 11 of the Dungeon on Sept 22, 2020.
             The game lasted 00:31:22 (12192 turns).

funkygono the Destroyer (White Draconian Conjurer) Turns: 12192, Time: 00:31:22

Health: 0/78       AC: 16    Str: 15    XL:     10   Next: 62%
Magic:  3/21       EV: 15    Int: 18    God:    Sif Muna [*.....]
Gold:   351        SH:  7    Dex: 17    Spells: 18/24 levels left

rFire    . . .     SeeInvis .   D - +2 whip (elec)
rCold    + . .     Gourm    .   f - +2 buckler
rNeg     . . .     Faith    .   (armour unavailable)
rPois    .         Spirit   .   (helmet restricted)
rElec    .         Reflect  .   v - +0 cloak
rCorr    .         Harm     .   H - +1 pair of gloves {Str+3}
MR       .....                  J - +1 pair of boots {Stlth+}
Stlth    ++++......             (no amulet)
HPRegen  0.23/turn              c - +6 ring of dexterity
MPRegen  0.17/turn              r - +4 ring of protection

@: about to teleport
A: breathe frost, unfitting armour, cold resistance 1, cold-blooded, AC +7
a: Breathe Frost, Channel Magic, Renounce Religion


You were on level 11 of the Dungeon.
You worshipped Sif Muna.
Sif Muna was aware of your devotion.
You were hungry.

You visited 2 branches of the dungeon, and saw 11 of its levels.

You collected 351 gold pieces.

Inventory:

Hand Weapons
 e - a +1 club
 o - a +1 flail of protection
 u - a +4 quarterstaff of chaos
 D - a +2 whip of electrocution (weapon)
Armour
 f - a +2 buckler (worn)
 v - a +0 cloak (worn)
 H - a +1 pair of gloves of strength (worn)
 J - a +1 pair of boots of stealth (worn)
Jewellery
 c - a +6 ring of dexterity (left hand)
 r - a +4 ring of protection (right hand)
 E - an uncursed ring of poison resistance
 K - an uncursed ring of stealth
Wands
 k - a wand of digging (4)
 s - a wand of polymorph (9)
 y - a wand of clouds (4)
 A - a wand of iceblast (11)
 F - a wand of acid (7)
 G - a wand of disintegration (16)
Scrolls
 i - 8 scrolls of amnesia
 n - 2 scrolls of fear
 t - a scroll of magic mapping
 w - 2 scrolls of immolation
 z - 6 scrolls of remove curse
 C - 3 scrolls of teleportation
 I - 2 scrolls of identify
 N - a scroll of blinking
Potions
 a - a potion of berserk rage {unknown}
 h - 2 potions of stabbing
 j - 4 potions of might
 l - a potion of magic
 m - 3 potions of lignification
 p - 2 potions of flight
 q - a potion of resistance
 x - a potion of invisibility
 B - a potion of cancellation
 L - a potion of mutation {unknown}
Comestibles
 b - 12 rations


   Skills:
 + Level 4.1 Fighting
 + Level 5.9 Maces & Flails
 + Level 4.5 Dodging
 - Level 3.9 Stealth
 + Level 3.9 Shields
 + Level 7.5 Spellcasting
 + Level 9.4 Conjurations
 * Level 4.5 Earth Magic


You had 18 spell levels left.
You knew the following spells:

 Your Spells              Type           Power        Failure   Level  Hunger
a - Magic Dart            Conj           ####         1%          1    None
b - Searing Ray           Conj           #####.       1%          2    None
c - Stone Arrow           Conj/Erth      ####..       1%          3    #......

Your spell library contained the following spells:

 Spells                   Type           Power        Failure   Level  Hunger
 Sandblast                Erth           ###...       1%          1    None
 Dazzling Flash           Conj/Hex       ###...       4%          3    #......
 Passwall                 Tmut/Erth      ##......     6%          2    None
 Summon Small Mammal      Summ           #...         11%         1    None
 Fulminant Prism          Conj/Hex       ###.......   14%         4    ###....
 Iskenderun's Mystic Bla  Conj/Tloc      ###.....     14%         4    ###....
 Call Imp                 Summ           #.......     16%         2    None
 Call Canine Familiar     Summ           #.......     30%         3    #......
 Summon Guardian Golem    Hex/Summ       #.......     30%         3    #......
 Petrify                  Tmut/Erth      ##......     38%         4    ###....
 Lee's Rapid Deconstruct  Erth           ###.......   41%         5    #####..
 Summon Ice Beast         Ice/Summ       #.......     71%         4    ###....
 Summon Lightning Spire   Summ/Air       #.......     71%         4    ###....


Dungeon Overview and Level Annotations

Branches:
Dungeon (9/15)             Temple (1/1) D:6            Lair (0/6) D:9
    Orc: D:9-12

Altars:
Ashenzari
Cheibriados
Elyvilon
Fedhas
Gozag
Hepliaklqana
Kikubaaqudgha
Makhleb
Nemelex Xobeh
Okawaru
Qazlal
Ru
Sif Muna
Trog
Uskayaw
Vehumet
Xom
Yredelemnul
Zin
The Shining One

Shops:
D:8 *


Innate Abilities, Weirdness & Mutations

You can breathe waves of freezing cold.
You can buffet flying creatures when you breathe cold.
Your icy white scales are hard. (AC +7)
You cannot fit into any form of body armour.
Your flesh is cold resistant. (rC+)
You are cold-blooded and may be slowed by cold attacks.


Message History

You're too confused to cast spells.
Okay, then.
You're too confused to cast spells.
You feel sick.
You see here 2 poisoned darts.
You feel sick.
Unholy energy fills the air.
* * * LOW HITPOINT WARNING * * *
Okay, then.
Okay, then.
Quiver which item? (- for none, * to show all) (? for menu, Esc to quit)
Okay, then.
Okay, then.
You feel better. Something hits you.
* * * LOW HITPOINT WARNING * * *
You block something's attack.
As you read the scroll of teleportation, it crumbles to dust.
You feel strangely unstable.
You are no longer corroded.
Something completely misses you. Something bites you!
You die...

.....# .....#
....######
#.........
+.........
######$........#
#....'.........#
#.####((.......#
#@# #((.......+
#(# #(........#
#(# #(........#
#.# #.........#
#.# #.........#
#.# #.........#
#.# #.........#
#.# ##+#+#.....
#.# ####.


There were no monsters in sight!

Vanquished Creatures
  Pikel (D:7)
  An ugly thing (D:11)
  Maggie (D:6)
  3 steam dragons (D:8)
  A basilisk (D:9)
  Edmund (D:4)
  2 orc warriors
  3 porcupines (D:9)
  2 sky beasts
  An ice beast (D:5)
  2 black bears
  3 slaves (D:7)
  4 phantoms
  An eye of draining (D:11)
  5 ogres
  2 wolves (D:9)
  2 centaurs
  4 crocodiles (D:9)
  5 bullfrogs
  2 scorpions
  3 wights (D:9)
  2 howler monkeys
  3 crimson imps
  A hound (D:7)
  7 orc priests
  2 jellies
  Crazy Yiuf (D:3)
  14 orc wizards
  Ijyb (D:4)
  An iguana (D:8)
  6 worker ants
  A statue (D:9)
  3 hound skeletons (D:5)
  A worker ant zombie (D:8)
  4 gnolls (D:5)
  A howler monkey skeleton (D:4)
  16 adders
  A shadow imp (D:6)
  2 oozes
  An adder zombie (D:7)
  An adder skeleton (D:4)
  2 worms (D:5)
  A dart slug (D:1)
  7 leopard geckos
  36 orcs
  7 hobgoblins
  14 jackals
  7 quokkas
  A ball python (D:4)
  5 bats
  6 frilled lizards
  7 goblins
  A jackal skeleton (D:4)
  6 kobolds
  A leopard gecko skeleton (D:4)
  A quokka skeleton (D:7)
  5 rats
225 creatures vanquished.

Vanquished Creatures (others)
  A slave (D:7)
1 creature vanquished.

Grand Total: 226 creatures vanquished

Notes
Turn   | Place    | Note
-------+----------+-------------------------------------------
     0 | D:1      | funkygono the Draconian Conjurer began the quest for the
                  | Orb.
     0 | D:1      | Reached XP level 1. HP: 14/14 MP: 3/3
   563 | D:1      | Reached XP level 2. HP: 17/20 MP: 0/5
   583 | D:1      | Learned a level 2 spell: Searing Ray
  1412 | D:1      | Reached XP level 3. HP: 26/26 MP: 2/6
  1908 | D:2      | Reached XP level 4. HP: 14/34 MP: 1/7
  2084 | D:2      | Reached skill level 1 in Maces & Flails
  2807 | D:3      | Found a runed translucent door.
  2808 | D:3      | Noticed Crazy Yiuf
  2814 | D:3      | Killed Crazy Yiuf
  2814 | D:3      | Reached skill level 1 in Fighting
  2814 | D:3      | Reached skill level 5 in Conjurations
  2814 | D:3      | Reached XP level 5. HP: 40/40 MP: 5/9
  3087 | D:3      | Found a hide-covered altar of Uskayaw.
  3277 | D:3      | Found a stormy altar of Qazlal.
  3561 | D:4      | Noticed Edmund
  3590 | D:4      | Killed Edmund
  3590 | D:4      | Reached skill level 1 in Shields
  3590 | D:4      | Reached XP level 6. HP: 39/47 MP: 6/10
  4049 | D:4      | Your scales start taking on an icy white colour.
  4049 | D:4      | Reached XP level 7. HP: 52/53 MP: 3/12
  4049 | D:4      | Gained mutation: Your flesh is cold resistant. (rC+) [White
                  | Draconian growth]
  4609 | D:4      | Found an ancient bone altar of Kikubaaqudgha.
  4968 | D:4      | Noticed Ijyb
  5007 | D:4      | Killed Ijyb
  5161 | D:4      | Reached skill level 6 in Conjurations
  5626 | D:5      | Entered Level 5 of the Dungeon
  5723 | D:5      | Found a sparkling altar of Nemelex Xobeh.
  5859 | D:5      | Reached XP level 8. HP: 61/61 MP: 6/15
  6147 | D:5      | Reached skill level 5 in Spellcasting
  6936 | D:5      | Learned a level 3 spell: Stone Arrow
  7163 | D:6      | Noticed Maggie
  7177 | D:6      | Killed Maggie
  7314 | D:6      | Reached skill level 7 in Conjurations
  7331 | D:6      | Reached XP level 9. HP: 57/68 MP: 5/17
  7528 | D:6      | Reached skill level 1 in Earth Magic
  7748 | D:6      | Found a staircase to the Ecumenical Temple.
  7754 | Temple   | Entered the Ecumenical Temple
  8595 | D:7      | Noticed Pikel
  8609 | D:7      | Killed Pikel
  8609 | D:7      | Reached skill level 5 in Maces & Flails
  9119 | D:7      | Found a shimmering blue altar of Sif Muna.
  9119 | D:7      | Found a snail-covered altar of Cheibriados.
  9123 | D:7      | Became a worshipper of Sif Muna the Loreminder
  9151 | D:7      | Reached skill level 8 in Conjurations
  9687 | D:7      | Found a basalt altar of Yredelemnul.
  9689 | D:7      | Found a white marble altar of Elyvilon.
  9692 | D:7      | Found a shimmering altar of Xom.
  9746 | D:7      | Identified a scroll of acquirement
  9746 | D:7      | Acquired a +1 pair of gloves of strength
 10183 | D:8      | Reached XP level 10. HP: 75/78 MP: 9/20
 10362 | D:8      | Found an opulent altar of Gozag.
 11248 | D:8      | Found Gozag's Platinum Reserve.
 11428 | D:9      | Reached * piety under Sif Muna
 11477 | D:9      | Found a radiant altar of Vehumet.
 11755 | D:9      | Reached skill level 9 in Conjurations
 11797 | D:9      | Found a staircase to the Lair.
 11977 | D:9      | You fall into a shaft and drop 2 floors!
 11986 | D:11     | Noticed a brown ugly thing
 12179 | D:11     | Killed a brown ugly thing
 12192 | D:11     | Slain by a vampire

Illustrated notes

Levels and vault maps discovered:
D:1:      mrwooster_arrival_statue_3, layout_basic
D:2:      layout_rooms
D:3:      layout_loops_ring, lemuel_round_altar, overflow_temple_1_default,
          uniq_crazy_yiuf_cottage
D:4:      layout_layer_cave, lemuel_crystal_altar, first_ration,
          minmay_fractal_squares_5, uniq_edmund, uniq_ijyb
D:5:      layout_loops_cross, old_standard_altar
D:6:      layout_loops_ring, minmay_temple_entry_enclosed_plants, serial_glass,
          glass_columns_b, glass_columns_a, uniq_maggie
D:7:      layout_loops_cross, minitemple, gammafunk_temple_overflow_wave,
          uniq_pikel
D:8:      cheibrodos_steamvent, layout_gridville,
          nicolae_gozag_zags_fifth_avenue
D:9:      layout_roguey, vehumet_statue, amethyst_overflow_temple_binary,
          minmay_lair_entry_grove, hangedman_pestilent_swarm
D:11:     layout_basic, serial_shops, shop, uniq_grum
Temple:   dpeg_three_leaves_temple

Skill      XL: |  1  2  3  4  5  6  7  8  9 10 |
---------------+-------------------------------+-----
Dodging        | 2 3 4 |  4.5
Stealth        | 2 3 |  3.9
Maces & Flails | 1 2 4 5 |  5.9
Fighting       | 1 2 3 4 |  4.1
Conjurations   | 5 6 7 8 9 |  9.4
Spellcasting   | 3 4 5 6 7 |  7.5
Shields        | 1 2 3 |  3.9
Earth Magic    | 3 4 |  4.5

Action                   |  1- 3 |  4- 6 |  7- 9 | 10-12 || total
-------------------------+-------+-------+-------+-------++-------
Melee: Club              |    31 |    68 |    51 |       ||   150
       Unarmed           |     2 |    11 |       |       ||    13
       Tailslap          |     6 |     8 |    25 |     6 ||    45
       Flail             |       |       |    73 |       ||    73
       Whip              |       |       |    21 |    57 ||    78
 Cast: Magic Dart        |    50 |    58 |   161 |    31 ||   300
       Searing Ray       |     4 |    15 |    56 |     9 ||    84
       Stone Arrow       |       |       |     8 |    38 ||    46
 Abil: Breathe Frost     |       |       |     1 |       ||     1
  Use: Scroll            |     7 |     3 |    10 |     3 ||    23
       Potion            |       |     3 |       |     7 ||    10
  Eat: Chunk             |     4 |     5 |    20 |     6 ||    35
       Ration            |       |     1 |       |       ||     1
Armor: Skin              |    19 |    30 |    75 |    44 ||   168
Dodge: Dodged            |    20 |    34 |    93 |    46 ||   193
Block: Buckler           |    12 |    14 |    51 |    23 ||   100
